 Dungeon Crawl Stone Soup version 0.28-a0-863-g8cecda6153 (webtiles) character file.

Game seed: 15305484133847718860

3962 karkarkar the Severer (level 10, -4/81 HPs)
             Began as a Hill Orc Fighter on Nov 19, 2021.
             Was a Follower of Beogh.
             Succumbed to a hornet's poison
             ... on level 7 of the Dungeon.
             The game lasted 00:27:18 (9513 turns).

karkarkar the Severer (Hill Orc Fighter)            Turns: 9513, Time: 00:27:24

Health: -4/81      AC: 18    Str: 23    XL:     10   Next: 22%
Magic:  10/10      EV:  7    Int:  8    God:    Beogh [*.....]
Gold:   382        SH:  4    Dex: 10    Spells: 9/9 levels left

rFire   . . .      SeeInvis .   a - +0 war axe (flame)
rCold   . . .      Faith    .   c - +0 buckler
rNeg    . . .      Spirit   .   w - +0 plate armour
rPois   .          Reflect  .   (no helmet)
rElec   .          Harm     .   s - +1 cloak
rCorr   .          Rampage  .   i - +1 pair of gloves
Will    ++...                   k - +0 pair of boots
Stlth   ..........              (no amulet)
HPRegen 0.23/turn               n - ring of willpower
MPRegen 0.12/turn               p - ring of willpower

@: lethally poisoned (-4 -> -12), slowed, very slow
A: no striking features
a: Renounce Religion


You were on level 7 of the Dungeon.
You worshipped Beogh.
Beogh was aware of your devotion.
You visited 2 branches of the dungeon, and saw 10 of its levels.

You collected 451 gold pieces.
You spent 69 gold pieces at shops.

Inventory:

Hand Weapons
 a - a +0 war axe of flaming (weapon)
 v - a +1 scimitar of flaming
Missiles
 h - 7 poisoned darts (quivered)
 t - 7 boomerangs
 x - 2 curare-tipped darts
Armour
 c - a +0 buckler (worn)
 i - a +1 pair of gloves (worn)
 k - a +0 pair of boots (worn)
 s - a +1 cloak (worn)
 w - a +0 plate armour (worn)
Jewellery
 n - a ring of willpower (left hand)
 p - a ring of willpower (right hand)
Wands
 b - a wand of iceblast (8)
 r - a wand of polymorph (7)
 y - a wand of flame (19)
Scrolls
 e - a scroll of blinking
 q - a scroll of noise
 u - a scroll of teleportation
 z - 2 scrolls of amnesia
Potions
 d - a potion of magic {unknown}
 g - 2 potions of brilliance
 l - a potion of lignification {unknown}
 m - 5 potions of flight
 o - a potion of haste


   Skills:
 + Level 5.5 Fighting
 - Level 16.0 Axes
 - Level 0.6 Throwing
 + Level 6.3 Armour
 - Level 0.3 Dodging
 - Level 0.2 Stealth
 - Level 4.0 Shields
 * Level 3.1 Evocations


You had 9 spell levels left.
You didn't know any spells.
Your spell library contained the following spells:

 Spells                   Type           Power      Damage    Failure   Level
 Gell's Gravitas          Tloc           0%         N/A       100%        3
 Lesser Beckoning         Tloc           0%         N/A       100%        3
 Teleport Other           Tloc           0%         N/A       100%        3
 Tukima's Dance           Hex            0%         N/A       100%        3
 Airstrike                Air            0%         N/A       100%        4
 Passage of Golubria      Tloc           0%         N/A       100%        4
 Summon Lightning Spire   Summ/Air       0%         N/A       100%        4
 Lightning Bolt           Conj/Air       0%         1d11      100%        5
 Yara's Violent Unravell  Hex/Tmut       0%         3d3       100%        5


Dungeon Overview and Level Annotations

Branches:
Dungeon (9/15)             Temple (1/1) D:5
   Lair: D:8-11         Orc: D:9-12

Altars:
Ashenzari
Cheibriados
Dithmenos
Elyvilon
Fedhas
Gozag
Hepliaklqana
Kikubaaqudgha
Makhleb
Nemelex Xobeh
Okawaru
Qazlal
Ru
Sif Muna
Trog
Uskayaw
Vehumet
Wu Jian
Xom
Yredelemnul
Zin
The Shining One

Shops:
D:2 ?   D:6 [(   D:7 (

Annotations:
D:2 Sigmund
D:9 2 runed translucent doors


Message History

You feel yourself slow down.
You miss the hornet.
The hornet is lightly wounded.
You feel very sick. The hornet stings you!
You suddenly lose the ability to move!
The hornet stings you!
You feel as though you will be slow longer.
You feel sick.
The hornet stings you but does no damage.
You feel sick. The hornet stings you!
You are more poisoned.
You feel as though you will be slow longer.
The hornet stings you.
You feel as though you will be slow longer.
You can move again.
Okay, then.
You feel very sick. The hornet barely misses you.
You feel very sick. The hornet stings you!
* * * LOW HITPOINT WARNING * * *
You feel as though you will be slow longer.
You feel sick. You block the hornet's attack. The hornet completely misses you.
You feel sick.
The hornet stings you but does no damage.
You feel sick.
The hornet stings you but does no damage.
Blink to where?
Press: ? - help, Dir - move target, p - hornet
As you read the scroll of blinking, it crumbles to dust.
You feel sick.
You are no longer poisoned.
The hornet stings you!
* * * LOW HITPOINT WARNING * * *
You are lethally poisoned!
You feel as though you will be slow longer.
The hornet completely misses you.
You climb upwards.
Reactivating autopickup.
You die...

#.# #...# #.#
#...# #.# #...#
#.# #...# ## #.#
#...######. #.#
###........ #.#
#........
#.########........
#@................
#.########........
#.# #..).....
#.##### #.......#
#.....# #########
#####.# #####.#
#.(...# #.....#


There were no monsters in sight!

Vanquished Creatures
  Maggie (D:6)
  Psyche (D:8)
  A troll (D:8)
  A steam dragon (D:8)
  Duvessa (D:6)
  4 sky beasts
  A hornet zombie (D:9)
  2 orc warriors (D:6)
  An ice beast (D:8)
  3 ogres
  2 centaurs (D:8)
  2 phantoms
  2 kobold brigands (D:6)
  2 scorpions (D:7)
  A bullfrog (D:7)
  2 water moccasin zombies (D:5)
  Dowan (D:6)
  13 killer bees
  A centaur zombie (D:5)
  A centaur skeleton (D:6)
  2 jellies
  A hound (D:5)
  A gnoll shaman (D:5)
  An orc priest (D:7)
  3 iguanas
  4 orc wizards
  A killer bee zombie (D:6)
  A howler monkey zombie (D:6)
  9 gnolls (D:5)
  5 adders
  A white imp (D:7)
  An ufetubus (D:5)
  2 adder skeletons (D:4)
  3 worms
  2 dart slugs
  19 orcs
  5 ball pythons
  3 bats (D:1)
  2 endoplasms
  2 giant cockroaches
  7 goblins
  8 hobgoblins
  6 jackals
  18 kobolds
  4 quokkas
  2 frilled lizards
156 creatures vanquished.

Vanquished Creatures (others)
  An orc priest (D:6)
  2 orcs (D:6)
3 creatures vanquished.

Grand Total: 159 creatures vanquished

Notes
Turn   | Place    | Note
-------+----------+-------------------------------------------
     0 | D:1      | karkarkar the Hill Orc Fighter began the quest for the Orb.
     0 | D:1      | Reached XP level 1. HP: 19/19 MP: 1/1
    58 | D:1      | Reached skill level 3 in Axes
   193 | D:1      | Reached XP level 2. HP: 22/27 MP: 2/2
   403 | D:1      | Found a faded altar of an unknown god.
   659 | D:2      | Found a bloodstained altar of Trog.
   731 | D:2      | Reached XP level 3. HP: 28/33 MP: 3/3
   986 | D:2      | Found Vepun's Magic Scroll Shoppe.
  1315 | D:2      | Reached skill level 4 in Axes
  1554 | D:2      | Noticed Sigmund
  1741 | D:3      | Reached XP level 4. HP: 40/40 MP: 4/4
  3167 | D:4      | Noticed a black bear
  3370 | D:2      | Bought a scroll of identify for 28 gold pieces
  3370 | D:2      | Bought a scroll of identify for 28 gold pieces
  3430 | D:4      | Reached skill level 5 in Axes
  3464 | D:4      | Noticed a phantom
  3479 | D:4      | Killed a phantom
  3480 | D:4      | Reached XP level 5. HP: 39/46 MP: 5/5
  3959 | D:5      | Entered Level 5 of the Dungeon
  4011 | D:5      | Reached skill level 6 in Axes
  4028 | D:5      | Reached XP level 6. HP: 39/52 MP: 6/6
  4329 | D:5      | Found a hide-covered altar of Uskayaw.
  4482 | D:5      | Noticed a sky beast
  4505 | D:5      | Killed a sky beast
  4506 | D:5      | Reached skill level 7 in Axes
  4506 | D:5      | Reached XP level 7. HP: 47/60 MP: 7/7
  4597 | D:5      | Reached skill level 8 in Axes
  4799 | D:5      | Found a staircase to the Ecumenical Temple.
  4821 | D:5      | Reached skill level 9 in Axes
  4838 | Temple   | Entered the Ecumenical Temple
  5515 | D:6      | Reached XP level 8. HP: 64/67 MP: 8/8
  5515 | D:6      | Became a worshipper of Beogh the Brigand
  5531 | D:6      | Reached skill level 10 in Axes
  5865 | D:6      | Reached skill level 11 in Axes
  5950 | D:6      | Noticed Duvessa
  5950 | D:6      | Noticed Dowan
  5958 | D:6      | Killed Duvessa
  5961 | D:6      | Killed Dowan
  6092 | D:6      | Found Yxtaexu's Armour Shop.
  6254 | D:6      | Reached skill level 12 in Axes
  6291 | D:6      | Reached * piety under Beogh
  6470 | D:6      | Noticed Maggie
  6773 | D:6      | Killed Maggie
  6774 | D:6      | Reached skill level 13 in Axes
  6774 | D:6      | Reached XP level 9. HP: 27/72 MP: 9/9
  7051 | D:6      | Found Ahaotuusm's Antique Weapon Boutique.
  7180 | D:7      | Reached skill level 14 in Axes
  7241 | D:7      | Found Meroiqae's Weapon Shoppe.
  7572 | D:7      | Bought 2 curare-tipped darts for 13 gold pieces
  7774 | D:7      | You fall into a shaft and drop 2 floors!
  7815 | D:9      | Reached skill level 15 in Axes
  7924 | D:9      | Found a large runed translucent door.
  7924 | D:9      | Found a large runed translucent door.
  8271 | D:8      | HP: 3/72 [poisoned by a killer bee]
  8274 | D:8      | HP: 1/72 [poisoned by a killer bee]
  8567 | D:8      | Reached skill level 16 in Axes
  8567 | D:8      | Reached skill level 1 in Evocations
  8719 | D:8      | Reached skill level 5 in Armour
  8753 | D:8      | Noticed a troll
  8765 | D:8      | Killed a troll
  8766 | D:8      | Reached skill level 5 in Fighting
  8766 | D:8      | Reached XP level 10. HP: 81/81 MP: 10/10
  9427 | D:8      | Noticed Psyche
  9468 | D:8      | Killed Psyche
  9503 | D:8      | Paralysed by a hornet for 3 turns
  9512 | D:8      | HP: 1/81 [hornet (12)]
  9513 | D:7      | Succumbed to a hornet's poison

Illustrated notes

Levels and vault maps discovered:
D:1:      nicolae_arrival_washed_ashore, layout_rooms,
          ebering_ecumenical_altar_sacrificial
D:2:      layout_basic, serial_shops, nicolae_diamond_shop, basic_altar,
          nicolae_concentric_dashed_squares_mild, uniq_sigmund
D:3:      layout_loops_ring, minmay_misc_feat_room
D:4:      layout_loops_ring, minmay_misc_feat_tiny
D:5:      layout_loops_ring, amcnicky_altar_gilded,
          minmay_temple_entry_nine_rooms, grunt_ministairs_9, minmay_misc_feat_x
D:6:      layout_cave_pools, serial_shops, kennysheep_mini_moat,
          nicolae_diamond_shop, uniq_duvessa, uniq_maggie
D:7:      layout_basic, nicolae_inconvenience_store
D:8:      layout_basic, enter_bailey_5, minmay_misc_feat_square,
          grunt_decor_cap, uniq_psyche, uniq_maurice
D:9:      layout_gridville, minmay_hollow_rounded_squares, uniq_erolcha
Temple:   minmay_crystal_snake_temple

Skill      XL: |  1  2  3  4  5  6  7  8  9 10 |
---------------+-------------------------------+-----
Axes           | 3 4 5 6 7 9 13 16 | 16.0
Fighting       | 4 5 |  5.5
Armour         | 4 5 6 |  6.3
Shields        | 4 |  4.0
Evocations     | 2 3 |  3.1
Throwing       | |  0.6
Dodging        | |  0.3
Stealth        | |  0.2

Action                   |  1- 3 |  4- 6 |  7- 9 | 10-12 || total
-------------------------+-------+-------+-------+-------++-------
Melee: War axe           |   104 |   227 |   319 |    40 ||   690
Throw: Dart              |       |     7 |    38 |     3 ||    48
       Boomerang         |       |       |    31 |       ||    31
Invok: Convert to Beogh  |       |       |     1 |       ||     1
Evoke: Wand              |       |       |     7 |     6 ||    13
  Use: Scroll            |       |    10 |     5 |     3 ||    18
       Potion            |       |     1 |     5 |       ||     6
Armor: Scale mail        |    44 |       |       |       ||    44
       Chain mail        |     6 |   159 |   105 |       ||   270
       Plate armour      |       |       |    99 |    25 ||   124
Dodge: Dodged            |    52 |    67 |    93 |    17 ||   229
Block: Buckler           |    30 |    37 |    47 |     6 ||   120

Table legend: (Time is in decaauts)
 A = Elapsed time spent in this place.
 B = Non-inter-level travel time spent in this place.
 C = Inter-level travel time spent in this place.
 D = Time resting spent in this place.
 E = Time spent auto-exploring this place.
 F = Levels seen in this place.
 G = Mean time per level.
                   A        B        C        D        E       F      G
               +--------+--------+--------+--------+--------+-----+--------+
         Total |   9567 |   9204 |    363 |   1837 |   5272 |  10 |  956.7 |
       Dungeon |   9323 |   8997 |    326 |   1837 |   5084 |   9 | 1035.9 |
        Temple |    243 |    206 |     37 |      0 |    188 |   1 |  243.0 |
               +--------+--------+--------+--------+--------+-----+--------+

Top non-repeatable levels by time:
     D:5: 1584 daAuts
     D:6: 1308 daAuts
     D:8: 1241 daAuts
     D:2: 1189 daAuts
     D:4: 1153 daAuts
     D:7: 1004 daAuts
     D:3: 954 daAuts
     D:1: 736 daAuts
  Temple: 243 daAuts
     D:9: 151 daAuts
